 Dungeon Crawl Stone Soup version 0.17-a0-1403-g9df874c (webtiles) character file.

114 KarvaRausku the Chopper (level 4, -1/37 HPs)
             Began as a Hill Orc Gladiator on June 20, 2015.
             Was an Initiate of Beogh.
             Slain by a hound skeleton (3 damage)
             ... on level 3 of the Dungeon.
             The game lasted 00:05:25 (2849 turns).

KarvaRausku the Chopper (Hill Orc Gladiator)        Turns: 2849, Time: 00:05:25

Health: -1/37      AC:  4    Str: 18    XL:     4   Next: 98%
Magic:  4/4        EV: 12    Int: 13    God:    Beogh [......]
Gold:   95         SH:  0    Dex: 11    Spells: 0 memorised, 3 levels left

rFire  . . .     SeeInvis .     a - +0 war axe
rCold  . . .     Clarity  .     b - +0 leather armour
rNeg   . . .     SustAt   .     (no shield)
rPois  .         Gourm    .     c - +0 helmet
rElec  .         Spirit   .     (no cloak)
rCorr  .         Warding  .     (no gloves)
rMut   .         Stasis   .     (no boots)
MR     .....                    (no amulet)
Stlth  +.........               (no ring)
                                (no ring)

@: brilliant, not resistant to hostile enchantments, very unstealthy
A: no striking features
a: Renounce Religion


You were on level 3 of the Dungeon.
You worshipped Beogh.
Beogh was noncommittal.
You were very hungry.

You visited 1 branch of the dungeon, and saw 3 of its levels.

You collected 95 gold pieces.

Inventory:

Hand weapons
 a - a +0 war axe (weapon)
Missiles
 d - 3 throwing nets (quivered)
 i - 3 javelins
 v - 3 tomahawks
Armour
 b - a +0 leather armour (worn)
 c - a +0 helmet (worn)
Jewellery
 f - an uncursed ring of poison resistance {unknown}
Scrolls
 h - 3 scrolls of noise {unknown}
 k - 2 scrolls of identify {unknown}
 l - a scroll of immolation {unknown}
 m - a scroll of remove curse {unknown}
 n - a scroll of fog {unknown}
 u - a scroll of enchant weapon {unknown}
 x - a scroll of teleportation {unknown}
Potions
 p - a potion of lignification {unknown}
 q - a potion of degeneration {unknown}
 s - a potion of agility {unknown}
 t - a potion of curing {unknown}
 w - a potion of berserk rage {unknown}
 z - a potion of poison {unknown}
Books
 r - a book of Minor Magic

   Spells                             Type                      Level
   a - Magic Dart                     Conjuration                  1
   b - Blink                          Translocation                2
   c - Call Imp                       Summoning                    2
   d - Repel Missiles                 Charms/Air                   2
   e - Slow                           Hexes                        2
   f - Conjure Flame                  Conjuration/Fire             3
   g - Mephitic Cloud                 Conjuration/Poison/Air       3
Comestibles
 e - 3 bread rations
 j - 2 meat rations
 o - a beef jerky


   Skills:
 - Level 2.4 Fighting
 + Level 7.2 Axes
 - Level 2.0 Throwing
 - Level 2.4 Dodging


You had 3 spell levels left.
You didn't know any spells.

Dungeon Overview and Level Annotations

Branches:
Dungeon (3/15)

Altars:
Gozag
Zin


Message History

You feel sick.
You feel sick. The hound skeleton barely misses you.
You feel sick. The hound skeleton closely misses you.
You feel sick. The hound skeleton bites you.
* * * LOW HITPOINT WARNING * * *
You feel sick.
The hound skeleton bites you but does no damage.
You feel sick. The hound skeleton bites you.
* * * LOW HITPOINT WARNING * * *
Drink which item? (? for menu, Esc to quit)
Okay, then.
You feel sick.
You are no longer poisoned.
The hound skeleton bites you but does no damage.
The hound skeleton bites you.
You die...

.....#####..#.#.#.#.........
.............o..............
.....#########.....#........
.....# #.......########
.....# #.....).# .....#
#..g....# .....# ##.....##
....## ##..Z..## ...##
#...@...# #### #......)#
#.......# ##...<.## ##.<.##
#####


You could see an orc, a goblin and a hound skeleton.

Vanquished Creatures
  4 adders
  An ooze (D:2)
  A worm (D:2)
  5 orcs
  4 ball pythons
  5 giant cockroaches
  9 goblins
  7 hobgoblins
  3 bats
  2 giant geckos
  A giant newt (D:1)
  11 jackals
  5 kobolds
  7 rats
65 creatures vanquished.

Vanquished Creatures (others)
  An adder (D:3)
1 creature vanquished.

Grand Total: 66 creatures vanquished

Notes
Turn   | Place    | Note
--------------------------------------------------------------
     0 | D:1      | KarvaRausku the Hill Orc Gladiator began the quest for the Orb.
     0 | D:1      | Reached XP level 1. HP: 18/18 MP: 1/1
   236 | D:1      | Reached XP level 2. HP: 5/25 MP: 2/2
   764 | D:1      | Reached skill level 5 in Axes
  1191 | D:1      | Reached XP level 3. HP: 30/30 MP: 3/3
  1772 | D:2      | Reached skill level 6 in Axes
  2070 | D:2      | Reached XP level 4. HP: 17/37 MP: 4/4
  2489 | D:2      | Found a glowing silver altar of Zin.
  2491 | D:2      | Found an opulent altar of Gozag.
  2793 | D:3      | Reached skill level 7 in Axes
  2808 | D:3      | Became a worshipper of Beogh the Brigand
  2849 | D:3      | Slain by a hound skeleton

Vault maps used:
D:1:      dpeg_arrival_circle_labyrinth_c
D:2:      grunt_temple_overflow_gold_and_silver, first_bread,
          wad_floor_pattern_1, guppyfry_early_orc_mine
D:3:      tgw_sif

Action                   |  1- 3 |  4- 6 || total
-------------------------+-------+-------++-------
Melee: War axe           |   173 |    61 ||   234
  Use: Potion            |       |     1 ||     1
 Stab: Distracted        |     1 |       ||     1
  Eat: Chunk             |     4 |     1 ||     5
